 Dungeon Crawl Stone Soup version 0.29-a0-297-g7659ce593d (webtiles) character file.

Game seed: 17661651996682252482

46 Ajdolov the Vandal (level 3, -5/18 HPs)
             Began as a Spriggan Hunter on Mar 21, 2022.
             Killed from afar by Sigmund (8 damage)
             ... with a puff of flame
             ... on level 2 of the Dungeon.
             The game lasted 00:01:51 (887 turns).

Ajdolov the Vandal (Spriggan Hunter)                 Turns: 887, Time: 00:01:51

Health: -5/18      AC:  3    Str:  7    XL:     3   Next: 44%
Magic:  4/4        EV: 18    Int: 10    God:
Gold:   46         SH:  0    Dex: 20    Spells: 2/2 levels left

rFire   . . .      SeeInvis +   a - +1 hunting sling
rCold   . . .      Faith    .   (no shield)
rNeg    . . .      Spirit   .   b - +0 robe
rPois   .          Reflect  .   (helmet restricted)
rElec   .          Harm     .   g - +0 cloak
rCorr   .          Rampage  .   (gloves unavailable)
Will    .....                   (boots unavailable)
Stlth   +++.......              (no amulet)
HPRegen 0.06/turn               (no ring)
MPRegen 0.09/turn               (no ring)

@: very quick
A: very small, no large weapons, unfitting armour, see invisible, speed 3
a: no special abilities


You were on level 2 of the Dungeon.
You visited 1 branch of the dungeon, and saw 2 of its levels.

You collected 46 gold pieces.

Inventory:

Hand Weapons
 a - a +1 hunting sling (weapon)
Armour
 b - a +0 robe (worn)
 g - a +0 cloak (worn)
Scrolls
 c - a scroll of immolation
 e - a scroll of noise {unknown}
 h - 2 scrolls of identify {unknown}
 j - a scroll of enchant weapon {unknown}
 l - a scroll of amnesia {unknown}
 m - a scroll of silence {unknown}
Potions
 d - a potion of heal wounds {unknown}
 f - a potion of brilliance {unknown}
 i - 2 potions of might {unknown}
 k - a potion of curing {unknown}


   Skills:
 - Level 1.5 Fighting
 * Level 5.9 Slings
 - Level 2.6 Dodging
 + Level 3.3 Stealth


You had 2 spell levels left.
You didn't know any spells.
Your spell library contained the following spells:

 Spells                   Type           Power      Damage    Failure   Level
 Slow                     Hex            0%         N/A       36%         1
 Confusing Touch          Hex            0%         N/A       75%         3
 Vampiric Draining        Necr           0%         2d6       75%         3


Dungeon Overview and Level Annotations

Branches:
Dungeon (2/15)

Altars:

Annotations:
D:2 Sigmund


Innate Abilities, Weirdness & Mutations

You are very small and have problems with some larger weapons.
You are too small for most types of armour.
You have supernaturally acute eyesight. (SInv)
You cover ground extremely quickly. (Speed+++)


Message History

Sigmund completely misses you.
You shoot a sling bullet. The sling bullet barely misses Sigmund.
Sigmund hits you from afar with a +0 scythe.
You shoot a sling bullet. The sling bullet hits Sigmund!
Sigmund is heavily wounded.
You shoot a sling bullet. The sling bullet hits Sigmund!
Sigmund is severely wounded.
Sigmund misses you.
You shoot a sling bullet.
The sling bullet hits Sigmund but does no damage.
Sigmund is severely wounded.
Sigmund points at you and mumbles some strange words.
You are confused.
You are too confused!
You are too confused!
You are too confused!
You bump into the rock wall.
Sigmund points at you and mumbles some strange words.
The magic dart hits you.
You bump into the rock wall.
Sigmund completely misses you.
You bump into the rock wall.
Sigmund gestures at you while chanting. You resist with some effort.
You bump into the rock wall.
Sigmund casts a spell at you. The magic dart hits you.
* * * LOW HITPOINT WARNING * * *
Sigmund mumbles some strange words.
Sigmund flickers and vanishes for a moment.
Found a stone staircase leading down.
Things that are here:
a jackal corpse; a jackal corpse You feel less confused.
Sigmund misses you.
Things that are here:
a +0 dagger; a stone; a kobold corpse
Found a stone staircase leading down.
Sigmund casts a spell at you. The puff of flame hits you!
You die...

.. .. ... #.
###.
....###.###...
..>#.....#....
.............##
#..........#..#
#.....>......#
##........@.#.#
##.............#
#$..........####
#.........#
#....@...##
#.....$..#
#...†....####.#
#...#.###....?
## #....#.#...##


You could see Sigmund (invisible).

Vanquished Creatures
  2 dart slugs (D:1)
  2 ball pythons (D:1)
  2 endoplasms (D:1)
  5 giant cockroaches
  4 hobgoblins
  3 jackals (D:2)
  4 kobolds
  A quokka (D:1)
  A bat (D:2)
  2 frilled lizards (D:1)
  5 goblins
  4 rats
35 creatures vanquished.

Notes
Turn   | Place    | Note
-------+----------+-------------------------------------------
     0 | D:1      | Ajdolov the Spriggan Hunter began the quest for the Orb.
     0 | D:1      | Reached XP level 1. HP: 10/10 MP: 2/2
    29 | D:1      | Reached skill level 5 in Slings
    88 | D:1      | Reached XP level 2. HP: 14/14 MP: 3/3
   397 | D:1      | Reached XP level 3. HP: 18/18 MP: 4/4
   599 | D:2      | Noticed Sigmund
   887 | D:2      | Killed from afar by Sigmund

Illustrated notes

Levels and vault maps discovered:
D:1:      minmay_arrival_radiant_lines, layout_loops_cross, chequers_garden,
          nrook_mini_backslash
D:2:      layout_rooms, hellmonk_ecumenical_altar_leap_of_faith, uniq_sigmund

Skill      XL: |  1  2 |
---------------+-------+-----
Slings         | 5 |  5.9
Stealth        | 2 3 |  3.3
Fighting       | |  1.5
Dodging        | |  2.6

Action                   || total
-------------------------++-------
 Fire: Hunting sling     ||    97
Armor: Robe              ||     7
Dodge: Dodged            ||    28

Table legend: (Time is in decaauts)
 A = Elapsed time spent in this place.
 B = Non-inter-level travel time spent in this place.
 C = Inter-level travel time spent in this place.
 D = Time resting spent in this place.
 E = Time spent auto-exploring this place.
 F = Levels seen in this place.
 G = Mean time per level.
                   A        B        C        D        E       F      G
               +--------+--------+--------+--------+--------+-----+--------+
         Total |    639 |    607 |     32 |      0 |    408 |   2 |  319.5 |
       Dungeon |    639 |    607 |     32 |      0 |    408 |   2 |  319.5 |
               +--------+--------+--------+--------+--------+-----+--------+

Top non-repeatable levels by time:
     D:1: 433 daAuts
     D:2: 206 daAuts
